 Dungeon Crawl Stone Soup version 0.30-a0-996-ga6910c8ee8 (webtiles) character file.

Game seed: 16380589481116993214

85 Zeldest the Ducker (level 4, -6/28 HPs)
             Began as a Vampire Monk on Apr 4, 2023.
             Mangled by a bullfrog (7 damage)
             ... on level 8 of the Dungeon.
             The game lasted 00:06:12 (2203 turns).

Zeldest the Ducker (Vampire Monk)                   Turns: 2203, Time: 00:06:13

Health: -6/28      AC:  0    Str:  9 (10) XL:     4   Next: 25%
Magic:  5/5        EV: 22    Int: 10 (12) God:
Gold:   163        SH:  0    Dex: 22 (23) Spells: 3/3 levels left

rFire   . . .      SeeInvis +      - Unarmed
rCold   + + .      Faith    .    (shield currently unavailable)
rNeg    + + +      Spirit   .    a - melded +0 robe
rPois   ∞          Reflect  .    (helmet currently unavailable)
rElec   .          Rampage  .    (cloak currently unavailable)
rCorr   .                        (gloves currently unavailable)
Will    .....                    (boots currently unavailable)
Stlth   +++++                    (no amulet)
HPRegen 0.00/turn                (ring currently unavailable)
MPRegen 0.09/turn                (ring currently unavailable)

@: bat-form, flying, bloodless, inhibited regen, very quick
A: fast, flying, no casting, tiny, bloodless, fangs 3, see invisible, vampiric 2
a: Revivify, End Transformation


You were on level 8 of the Dungeon.
You were a vampire bat.
You visited 1 branch of the dungeon, and saw 8 of its levels.

You collected 163 gold pieces.

Inventory:

Armour
 a - a +0 robe (melded)
Scrolls
 c - a scroll of teleportation {unknown}
 d - 2 scrolls of enchant armour
 f - 2 scrolls of identify
Potions
 b - 2 potions of ambrosia
 e - a potion of might {unknown}
 g - 2 potions of resistance {unknown}
 h - 3 potions of attraction {unknown}
 i - 3 potions of mutation {unknown}
 j - a potion of brilliance
 k - a potion of berserk rage {unknown}


   Skills:
 + Level 3.2 Fighting
 + Level 4.0 Dodging
 - Level 3.0 Stealth
 + Level 4.0 Unarmed Combat
 + Level 1.4 Invocations


You had 3 spell levels left.
You didn't know any spells.
Your spell library was empty.

Dungeon Overview and Level Annotations

Branches:
Dungeon (8/15) Zot: 26899
 Temple: D:4-7         Lair: D:8-11

Altars:

Shops:
D:2 *   D:8 *[?

Annotations:
D:2 Sigmund
D:3 1 runed translucent door, DeathPants's ghost, weakling VSFi
D:5 2 transporters
D:8 exclusion: orange crystal statue, Gastronok; Maurice


Innate Abilities, Weirdness & Mutations

You are a vampire bat.
You are tiny and dextrous.
You move quickly.
You are flying.
You are immune to poison.
Your equipment is almost entirely melded.
You are incapable of wielding weapons or throwing items.
You cannot cast spells.
You do not regenerate when monsters are visible.
You are frail without blood (-20% HP).
You can heal yourself when you bite living creatures.
You are immune to poison.
You have razor-sharp teeth.
You have supernaturally acute eyesight. (SInv)
You are afflicted with vampirism and can become a bat while bloodless.


Message History

Found a stone staircase leading up.
The bullfrog croaks.
You hear a horrible gurgling sound!
The bullfrog misses you. The bullfrog closely misses you.
Gastronok the Ponderous comes into view.
The bullfrog hits you.
Gastronok gurgles horribly!
You see here the +1 robe of Cowardice {Dex+2}.
A wight comes into view. It is wielding a +3 long sword.
A gnoll bouda and a gnoll come into view.
Found a stone staircase leading down.
The gnoll bouda shouts!
You hear a shout!
The gnoll shouts!
You hear a shout! x2
Maurice and a gnoll come into view.
Maurice is wielding a +0 dagger of holy wrath and carrying a wand of mindburst (13).
The gnoll shouts!
A gnoll comes into view. It is wielding a +0 spear.
The gnoll bouda barks out a call to the hunt!
The gnolls pick up the pace!
Maurice shouts!
The gnoll misses you. The gnoll hits you with a +0 falchion!
The gnoll completely misses you.
Found a whip.
Found Wistrar's Assorted Antiques.
The gnoll hits you with a +0 flail! The gnoll closely misses you.
The gnoll completely misses you. The gnoll barely misses you.
The gnoll hits you from afar with a +0 halberd!
* * * LOW HITPOINT WARNING * * *
There is an entrance to Wistrar's Assorted Antiques here.
The gnoll bouda gazes fiercely through you!
You feel your attacks grow feeble. The gnoll misses you.
Your attacks no longer feel as feeble.
The gnoll is no longer moving quickly.
The gnoll is no longer moving quickly.
An orange crystal statue comes into view.
Found 7 stones and a cloak.
Marking area around an orange crystal statue as unsafe for travelling.
Okay, then.
The bullfrog hits you!
You die...

##.#####.# #.....## ##.z###....
....####.#####.##### ##..######
...........F...##.# ##.......
########.#######..## #....... .##
####'#######...## ........... ..#
#..........#....##....)z.$... g.#
#....g...........##....(.....
P.###....∩.∩...F......##.........
....g.....g..g..b#.....##........
...##............##..8.(#........
########+#######..##...###.# ..
##..##[###..# .z ##..###...#####
# ##..#..# #...# ##...####...###
##............ #............


You could see a bullfrog and 3 gnolls.

Vanquished Creatures
  An adder (D:2)
  An ufetubus (D:4)
  2 dart slugs
  4 orcs (D:5)
  3 bats
  9 endoplasms
  8 goblins
  3 hobgoblins
  6 jackals (D:2)
  3 quokkas
  4 frilled lizards (D:1)
  7 kobolds
  2 rats (D:1)
53 creatures vanquished.

Vanquished Creatures (others)
  6 plants (D:8)
6 creatures vanquished.

Grand Total: 59 creatures vanquished

Notes
Turn   | Place    | Note
-------+----------+-------------------------------------------
     0 | D:1      | Zeldest the Vampire Monk began the quest for the Orb.
     0 | D:1      | Reached XP level 1. HP: 17/17 MP: 1/1
   197 | D:1      | Reached XP level 2. HP: 18/18 MP: 2/2
   378 | D:1      | Reached skill level 1 in Invocations
   419 | D:1      | Gained mutation: You are afflicted with vampirism and can
                  | become a bat while bloodless. [Vampire growth]
   419 | D:1      | Reached XP level 3. HP: 23/23 MP: 3/3
   826 | D:2      | Found Mixiral's General Store.
  1092 | D:2      | Noticed Sigmund
  1152 | D:3      | Found a runed translucent door.
  1153 | D:3      | Noticed a bullfrog
  1153 | D:3      | Noticed DeathPants's ghost (weakling VSFi)
  1340 | D:4      | Reached XP level 4. HP: 24/28 MP: 5/5
  1525 | D:5      | Entered Level 5 of the Dungeon
  1796 | D:5      | Noticed a centaur
  1833 | D:6      | Noticed a water moccasin
  1952 | D:5      | Found a transporter.
  1954 | D:5      | Found a transporter.
  2016 | D:7      | Noticed an orc warrior
  2024 | D:7      | Noticed a kobold brigand
  2062 | D:8      | Found Zirebiadui's Armour Shop.
  2062 | D:8      | Found Bemnoas's Magic Scroll Boutique.
  2063 | D:8      | Noticed a centaur
  2127 | D:8      | Noticed a bullfrog
  2132 | D:8      | Noticed Gastronok
  2135 | D:8      | Identified the +1 robe of Cowardice {Dex+2}
  2172 | D:8      | Noticed Maurice
  2177 | D:8      | Found Wistrar's Assorted Antiques.
  2180 | D:8      | HP: 1/28 [gnoll/+0 halberd[a gnoll bouda] (9)]
  2202 | D:8      | Noticed an orange crystal statue
  2203 | D:8      | Mangled by a bullfrog

Illustrated notes

Levels and vault maps discovered:
D:1:      dpeg_arrival_castle, layout_basic, minmay_distorted
D:2:      layout_rooms, serial_shops, shop, uniq_sigmund, uniq_robin,
          uniq_crazy_yiuf_cottage
D:3:      layout_loops_ring, ebering_ghost_sewer_f, uniq_grinder
D:4:      layout_basic, nzn_overflow_gifts_of_might_and_magic,
          minmay_misc_feat_secret_circle
D:5:      gammafunk_wand_slinger, layout_rooms, led_xom_imps,
          minmay_fire_ice_demons
D:6:      layout_basic, minmay_temple_entry_junction
D:7:      layout_rooms, minmay_starry_boxes
D:8:      minmay_separated_statues, layout_basic, serial_shops, shop, shop,
          nicolae_shop_overgrown_old_shop, nicolae_diamond_shop, hex_large,
          uniq_psyche, uniq_maurice, uniq_gastronok

Skill      XL: |  1  2  3  4 |
---------------+-------------+-----
Fighting       | 3 |  3.2
Invocations    | 1 |  1.4
Dodging        | 4 |  4.0
Unarmed Combat | 4 |  4.0
Stealth        | |  3.0

Action                     |  1- 3 |  4- 6 || total
---------------------------+-------+-------++-------
  Melee: Unarmed           |   150 |    17 ||   167
         Bite              |    28 |     2 ||    30
Ability: Exsanguinate      |     1 |       ||     1
         Bat Form          |     1 |       ||     1
    Use: Scroll            |       |     3 ||     3
   Stab: Sleeping          |    17 |       ||    17
 Armour: Robe              |     3 |       ||     3
  Dodge: Dodged            |   124 |    35 ||   159

Table legend: (Time is in decaauts)
 A = Elapsed time spent in this place.
 B = Non-inter-level travel time spent in this place.
 C = Inter-level travel time spent in this place.
 D = Time resting spent in this place.
 E = Time spent auto-exploring this place.
 F = Levels seen in this place.
 G = Mean time per level.
                   A        B        C        D        E       F      G
               +--------+--------+--------+--------+--------+-----+--------+
         Total |   1739 |   1718 |     21 |    497 |    396 |   8 |  217.4 |
       Dungeon |   1739 |   1718 |     21 |    497 |    396 |   8 |  217.4 |
               +--------+--------+--------+--------+--------+-----+--------+

Top non-repeatable levels by time:
     D:1: 696 daAuts
     D:2: 272 daAuts
     D:5: 205 daAuts
     D:4: 198 daAuts
     D:6: 110 daAuts
     D:3: 106 daAuts
     D:8: 99 daAuts
     D:7: 52 daAuts
